 Dungeon Crawl Stone Soup version 0.30-a0-377-g5cb311bc9f (webtiles) character file.

Game seed: 13138853267155531209

91 bande the Covered (level 4, -1/29 HPs)
             Began as a Gargoyle Fighter on Nov 28, 2022.
             Slain by an orc
             ... wielding a +0 short sword
              (2 damage)
             ... on level 3 of the Dungeon.
             The game lasted 00:03:03 (1242 turns).

bande the Covered (Gargoyle Fighter)                Turns: 1242, Time: 00:03:04

Health: -1/29      AC: 11    Str: 20    XL:     4   Next: 59%
Magic:  4/4        EV:  9    Int:  8    God:
Gold:   87         SH:  4    Dex: 11    Spells: 2/3 levels left

rFire   + . .      SeeInvis .    a - +0 war axe
rCold   . . .      Faith    .    c - +0 buckler
rNeg    + . .      Spirit   .    b - +0 scale mail
rPois   ∞          Reflect  .    l - +0 helmet
rElec   +          Harm     .    (no cloak)
rCorr   .          Rampage  .    (no gloves)
Will    .....                    (no boots)
Stlth   ..........               (no amulet)
HPRegen 0.24/turn                k - ring of protection from fire
MPRegen 0.09/turn                (no ring)

@: no status effects
A: sickness immunity, AC +3, negative energy resistance 1, electricity
resistance, torment resistance 1, petrification resistance
a: no special abilities


You were on level 3 of the Dungeon.
You visited 1 branch of the dungeon, and saw 4 of its levels.

You collected 87 gold pieces.

Inventory:

Hand Weapons
 a - a +0 war axe (weapon)
 g - a +2 hand axe of flaming
Armour
 b - a +0 scale mail (worn)
 c - a +0 buckler (worn)
 l - a +0 helmet (worn)
Jewellery
 k - a ring of protection from fire (left hand)
Scrolls
 h - 2 scrolls of identify
Potions
 d - a potion of might
 e - 2 potions of mutation
 f - 2 potions of curing


   Skills:
 + Level 3.7 Fighting
 + Level 2.7 Axes
 + Level 4.0 Armour
 + Level 3.7 Shields
 * Level 0.9 Translocations


You had 2 spell levels left.
You knew the following spells:

 Your Spells              Type           Power      Damage    Failure   Level
a - Apportation           Tloc           2%         N/A       73%         1

Your spell library contained the following spells:

 Spells                   Type           Power      Damage    Failure   Level
 Alistair's Intoxication  Tmut/Pois      0%         N/A       100%        5


Dungeon Overview and Level Annotations

Branches:
Dungeon (4/15)
 Temple: D:4-7

Altars:


Innate Abilities, Weirdness & Mutations

You are immune to sickness and miasma.
Your stone body is resilient. (AC +3)
You are immune to poison.
You resist negative energy. (rN+)
You are resistant to electric shocks. (rElec)
You are resistant to unholy torment.
You are immune to petrification.


Message History

The orc shouts!
You closely miss the orc priest. You closely miss the orc.
The orc priest completely misses you. The orc hits you but does no damage.
A giant cockroach comes into view.
You hit the orc priest.
The orc priest is moderately wounded.
You completely miss the orc.
The orc hits you from afar with a +0 trident.
You block the orc's attack. The orc barely misses you.
The orc hits you from afar with a +0 trident.
The orc priest mumbles some strange prayers to Beogh against you.
Beogh smites you!
You closely miss the orc priest.
The orc priest is moderately wounded.
You hit the orc.
The orc priest hits you but does no damage.
The orc hits you but does no damage. You block the orc's attack.
You hit the orc priest.
The orc priest is heavily wounded.
You hit the orc but do no damage.
The orc hits you from afar with a +0 trident.
You closely miss the orc priest.
The orc priest is heavily wounded.
You hit the orc but do no damage. x2; The orc hits you with a +0 falchion.
The orc priest barely misses you. The orc hits you but does no damage. x2
You block the orc's attack. The orc barely misses you.
The orc closely misses you.
The orc priest hits you with a +0 flail.
* * * LOW HITPOINT WARNING * * *
The orc closely misses you.
You hit the orc priest.
The orc priest is severely wounded.
You hit the orc but do no damage. You barely miss the orc. You hit the orc.
The orc barely misses you.
The orc priest hits you but does no damage.
The orc hits you but does no damage.
The orc hits you from afar with a +0 trident.
* * * LOW HITPOINT WARNING * * *
The orc hits you with a +0 short sword.
You die...

##############
#............#
#............#
#............#
#............# ##
+............# #.
#............# #.
#@o..........####.
......ooo.)..........)..
.....o.............#####
......#............#
......#..).........#
###.###............# #.
#............# #
############## ########


You could see an orc priest and 4 orcs.

Vanquished Creatures
  An orc wizard (D:3)
  An adder (D:3)
  A worm (D:2)
  A dart slug (D:1)
  4 orcs (D:3)
  4 ball pythons
  5 endoplasms
  2 giant cockroaches
  6 goblins
  5 hobgoblins
  4 kobolds
  2 quokkas (D:1)
  4 bats (D:1)
  2 frilled lizards
  A rat (D:2)
43 creatures vanquished.

Notes
Turn   | Place    | Note
-------+----------+-------------------------------------------
     0 | D:1      | bande the Gargoyle Fighter began the quest for the Orb.
     0 | D:1      | Reached XP level 1. HP: 14/14 MP: 1/1
   134 | D:1      | Reached XP level 2. HP: 19/19 MP: 2/2
   258 | D:1      | Learned a level 1 spell: Apportation
   347 | D:1      | Reached XP level 3. HP: 18/23 MP: 3/3
   949 | D:2      | You fall into a shaft and drop 2 floors!
  1086 | D:3      | Reached skill level 4 in Armour
  1110 | D:3      | Found a faded altar of an unknown god.
  1116 | D:3      | Reached XP level 4. HP: 26/28 MP: 4/4
  1242 | D:3      | HP: 1/29 [orc/+0 trident (6)]
  1242 | D:3      | Slain by an orc

Illustrated notes

Levels and vault maps discovered:
D:1:      lightli_arrival_farm, layout_rooms, minmay_misc_feat_diagonals,
          minmay_pentomino_w2
D:2:      layout_basic
D:3:      layout_basic, hellmonk_ecumenical_altar_slurped_away,
          dreamdust_wishing_well
D:4:      layout_gridville, minmay_temple_entry_wispy

Skill      XL: |  1  2  3 |
---------------+----------+-----
Axes           | 2 |  2.7
Armour         | 4 |  4.0
Fighting       | |  3.7
Shields        | |  3.7
Translocations | |  0.9

Action                   |  1- 3 |  4- 6 || total
-------------------------+-------+-------++-------
Melee: War axe           |   104 |    30 ||   134
  Use: Scroll            |     6 |     1 ||     7
Armor: Scale mail        |    55 |    24 ||    79
Dodge: Dodged            |    57 |     9 ||    66
Block: Buckler           |    32 |     5 ||    37

Table legend: (Time is in decaauts)
 A = Elapsed time spent in this place.
 B = Non-inter-level travel time spent in this place.
 C = Inter-level travel time spent in this place.
 D = Time resting spent in this place.
 E = Time spent auto-exploring this place.
 F = Levels seen in this place.
 G = Mean time per level.
                   A        B        C        D        E       F      G
               +--------+--------+--------+--------+--------+-----+--------+
         Total |   1318 |   1223 |     95 |      0 |    823 |   4 |  329.5 |
       Dungeon |   1318 |   1223 |     95 |      0 |    823 |   4 |  329.5 |
               +--------+--------+--------+--------+--------+-----+--------+

Top non-repeatable levels by time:
     D:1: 718 daAuts
     D:2: 287 daAuts
     D:3: 261 daAuts
     D:4: 51 daAuts
